 Dungeon Crawl Stone Soup version 0.22-a0-136-g83a10e5 (webtiles) character file.

156 varam the Conjurer (level 5, -3/35 HPs)
             Began as a Demonspawn Fire Elementalist on Feb 3, 2018.
             Killed from afar by Tovarisch's ghost (15 damage)
             ... with a flame tongue
             ... on level 3 of the Dungeon.
             The game lasted 00:06:10 (2801 turns).

varam the Conjurer (Demonspawn Fire Elementalist)   Turns: 2801, Time: 00:06:11

Health: -3/35      AC:  2    Str:  8    XL:     5   Next: 15%
Magic:  0/8        EV: 11    Int: 18    God:
Gold:   89         SH:  3    Dex: 13    Spells: 5/8 levels left

rFire    . . .     SeeInvis .   e - +2 short sword (drain)
rCold    . . .     Gourm    .   n - +0 buckler
rNeg     . . .     Faith    .   a - +0 robe
rPois    .         Spirit   .   (helmet restricted)
rElec    .         Reflect  .   (no cloak)
rCorr    .         Harm     .   (no gloves)
MR       .....                  (no boots)
Stlth    +++.......             (no amulet)
HPRegen  0.11/turn              (no ring)
MPRegen  0.11/turn              (no ring)

@: no status effects
A: horns 2, demonic guardian 1, nightstalker 1
a: no special abilities


You were on level 3 of the Dungeon.
You were not hungry.

You visited 1 branch of the dungeon, and saw 3 of its levels.

You collected 89 gold pieces.

Inventory:

Hand Weapons
 e - a +2 short sword of draining (weapon)
 f - a +0 trident
Missiles
 d - 42 stones (quivered)
Armour
 a - a +0 robe (worn)
 n - a +0 buckler (worn)
Scrolls
 g - 5 scrolls of amnesia {unknown}
 h - a scroll of remove curse {unknown}
 i - 2 scrolls of identify {unknown}
 o - a scroll of blinking {unknown}
 p - a scroll of teleportation {unknown}
Potions
 j - a potion of invisibility {unknown}
 k - a potion of curing {unknown}
 l - a potion of haste {unknown}
 m - a potion of magic {unknown}
Books
 b - a book of Flames

   Spells                             Type                      Level
   a - Flame Tongue                   Conjuration/Fire             1
   b - Throw Flame                    Conjuration/Fire             2
   c - Conjure Flame                  Conjuration/Fire             3
   d - Inner Flame                    Hexes/Fire                   3
   e - Sticky Flame                   Conjuration/Fire             4
   f - Fireball                       Conjuration/Fire             5
Comestibles
 c - 2 rations


   Skills:
 - Level 1.7 Dodging
 - Level 1.7 Stealth
 + Level 0.0 Shields
 - Level 2.0 Spellcasting
 * Level 4.1 Conjurations
 + Level 3.7 Fire Magic


You had 5 spell levels left.
You knew the following spells:

 Your Spells              Type           Power        Failure   Level  Hunger
a - Flame Tongue          Conj/Fire      ###..        6%          1    #......
b - Throw Flame           Conj/Fire      ###...       9%          2    ###....


Dungeon Overview and Level Annotations

Branches:
Dungeon (3/15)

Altars:
The Shining One

Annotations:
D:3 Tovarisch's ghost, weakling DEFE


Innate Abilities, Weirdness & Mutations

You have a pair of horns on your head.
A weak demonic guardian rushes to your aid.
You are slightly more attuned to the shadows.


Message History

Casting: Throw Flame (safe; 9% risk of failure)
Confirm with . or Enter, or press ? or * to list all spells.
Aiming: Throw Flame (safe; 9% risk of failure)
Press: ? - help, Shift-Dir - straight line, f/p - Tovarisch's ghost
Aim: Tovarisch's ghost, wielding a weapon of venom (severely damaged)
The puff of flame misses Tovarisch's ghost.
Tovarisch's ghost gestures at you while chanting.
The flame tongue hits you!
The kobold throws a stone.
The stone hits you.
Casting: Throw Flame (safe; 9% risk of failure)
Confirm with . or Enter, or press ? or * to list all spells.
You don't have enough magic to cast that spell.
You hit Tovarisch's ghost but do no damage.
Your headbutt misses Tovarisch's ghost.
Tovarisch's ghost is severely damaged.
Tovarisch's ghost gestures at you while chanting.
The flame tongue hits you!
The kobold throws a stone.
The stone barely misses you.
Tovarisch's ghost points at you and mumbles some strange words.
The flame tongue hits you!
You die...

≈≈......≈≈≈≈≈
.≈.....≈≈...≈
......K.!....
.............
............
......†..##
.....W(...#.#.
.##..#(@......
......(...#.#.
.#...........
##..#.#..#.#.
#..#..... ..
#..###..#. . .
..#.#


You could see Tovarisch's ghost and a kobold.

Vanquished Creatures
  Jessica (D:2)
  Terence (D:2)
  Robin (D:2)
  2 gnolls (D:2)
  An adder (D:2)
  3 worms (D:2)
  3 dart slugs
  2 leopard geckos
  A giant cockroach (D:2)
  7 hobgoblins
  2 quokkas (D:2)
  A ball python (D:1)
  4 bats (D:2)
  2 frilled lizards
  13 goblins
  4 kobolds
  10 rats
58 creatures vanquished.

Vanquished Creatures (collateral kills)
  A leopard gecko (D:3)
1 creature vanquished.

Grand Total: 59 creatures vanquished

Notes
Turn   | Place    | Note
-------+----------+-------------------------------------------
     0 | D:1      | varam the Demonspawn Fire Elementalist began the quest for the Orb.
     0 | D:1      | Reached XP level 1. HP: 13/13 MP: 3/3
   311 | D:1      | Gained mutation: You are slightly more attuned to the shadows. [demonic ancestry]
   311 | D:1      | Reached XP level 2. HP: 15/19 MP: 5/5
   649 | D:1      | Reached skill level 2 in Conjurations
   843 | D:1      | Reached skill level 3 in Fire Magic
   933 | D:1      | Learned a level 2 spell: Throw Flame
  1126 | D:2      | Noticed a troll
  1171 | D:2      | Gained mutation: A weak demonic guardian rushes to your aid. [demonic ancestry]
  1171 | D:2      | Reached XP level 3. HP: 24/24 MP: 0/6
  1369 | D:2      | Noticed Robin
  1636 | D:2      | Killed Robin
  1636 | D:2      | Reached skill level 3 in Conjurations
  1750 | D:2      | Gained mutation: You have a pair of small horns on your head. [demonic ancestry]
  1750 | D:2      | Reached XP level 4. HP: 17/30 MP: 2/7
  1806 | D:2      | Noticed Jessica
  1858 | D:2      | Noticed Terence
  1865 | D:2      | Killed Terence
  2033 | D:2      | Killed Jessica
  2033 | D:2      | Reached skill level 4 in Conjurations
  2226 | D:2      | Gained mutation: You have a pair of horns on your head. [demonic ancestry]
  2226 | D:2      | Reached XP level 5. HP: 26/35 MP: 8/8
  2246 | D:2      | Found a glowing golden altar of the Shining One.
  2794 | D:3      | Noticed Tovarisch's ghost (weakling DEFE)
  2801 | D:3      | Killed from afar by Tovarisch's ghost

Vault maps used:
D:1:      lemuel_arrival_cross, hangedman_abyss_or_decor_stabs,
          minmay_tromino_i2
D:2:      overflow_temple_1_default, lightli_corner_chamber, uniq_terence,
          uniq_robin, uniq_jessica
D:3:      minmay_goblin_kobold_castle, lemuel_crystal_altar, elyvilon_altar_4,
          gammafunk_temple_overflow_wave

Skill      XL: |  1  2  3  4 |
---------------+-------------+-----
Conjurations   | 2 3 4 |  4.1
Fire Magic     | 3 |  3.7
Dodging        | |  1.7
Stealth        | |  1.7
Spellcasting   | |  2.0

Action                   |  1- 3 |  4- 6 || total
-------------------------+-------+-------++-------
Melee: Short sword       |    55 |    27 ||    82
 Cast: Flame Tongue      |    18 |    26 ||    44
       Throw Flame       |     7 |     7 ||    14
 Stab: Sleeping          |     2 |     1 ||     3
  Eat: Chunk             |     3 |     3 ||     6
       Ration            |       |     1 ||     1
Armor: Robe              |     7 |     6 ||    13
Dodge: Dodged            |    33 |    20 ||    53

Table legend:
 A = Spawn XP
 B = Non-spawn XP
 C = Spawn XP percentage of total XP
 D = Spawn monster count
 E = Non-spawn monster count
 F = Spawn count percentage of total count
 G = Total turns spent on level
                    A         B        C        D         E        F      G
               +---------+---------+-------+---------+---------+-------+---------
         Total |       0 |     224 |   0.0 |       0 |      59 |   0.0 |  2801
               +---------+---------+-------+---------+---------+-------+---------
           D:1 |       0 |      32 |   0.0 |       0 |      20 |   0.0 |  1357
           D:2 |       0 |     190 |   0.0 |       0 |      38 |   0.0 |  1437
           D:3 |       0 |       2 |   0.0 |       0 |       1 |   0.0 |     7
               +---------+---------+-------+---------+---------+-------+---------
